 Dungeon Crawl Stone Soup version 0.29.1-2-gbd0b4ee654 (webtiles) character file.

Game seed: 6361866236302816672

459 qeuew the Skirmisher (level 7, -7/56 HPs)
             Began as a Gnoll Hunter on Nov 4, 2022.
             Was an Initiate of Ashenzari.
             Mangled by a kobold
             ... wielding a +2 rapier of distortion
              (21 damage)
             ... on level 4 of the Dungeon.
             The game lasted 00:05:50 (3363 turns).

qeuew the Skirmisher (Gnoll Hunter)                 Turns: 3363, Time: 00:05:50

Health: -7/56      AC: 10    Str: 11    XL:     7   Next: 6%
Magic:  10/10      EV: 12    Int: 14    God:    Ashenzari [......]
Gold:   207        SH:  0    Dex: 17    Spells: 10/10 levels left

rFire   . . .      SeeInvis .   g - +0 long sword
rCold   . . .      Faith    .   (no shield)
rNeg    . . .      Spirit   .   l - +0 ring mail
rPois   .          Reflect  .   (no helmet)
rElec   .          Harm     .   n - +2 cloak
rCorr   .          Rampage  .   (no gloves)
Will    .....                   j - +1 pair of boots
Stlth   ++........              (no amulet)
HPRegen 0.18/turn               f - +6 ring of intelligence
MPRegen 0.12/turn               (no ring)

@: no status effects
A: fangs 1, strong nose, distributed training
a: Renounce Religion


You were on level 4 of the Dungeon.
You worshipped Ashenzari.
Ashenzari was noncommittal.
You visited 2 branches of the dungeon, and saw 5 of its levels.

You collected 207 gold pieces.

Inventory:

Hand Weapons
 a - a +0 shortbow
 g - a +0 long sword (weapon)
Armour
 j - a +1 pair of boots (worn)
 l - a +0 ring mail (worn)
 n - a +2 cloak (worn)
Jewellery
 f - a +6 ring of intelligence (left hand)
Wands
 m - a wand of iceblast (7)
Scrolls
 b - a scroll of teleportation
 c - a scroll of identify
 d - a scroll of butterflies {unknown}
 k - a scroll of enchant weapon {unknown}
Potions
 e - 2 potions of heal wounds
 h - a potion of haste
 i - 2 potions of invisibility
 o - a potion of might {unknown}
 p - a potion of mutation {unknown}


   Skills:
 + Level 5.1 Fighting
 + Level 2.3 Short Blades
 + Level 2.3 Long Blades
 + Level 2.3 Axes
 + Level 2.3 Maces & Flails
 + Level 2.3 Polearms
 + Level 2.3 Staves
 + Level 8.9 Ranged Weapons
 + Level 2.3 Throwing
 + Level 2.3 Armour
 + Level 5.1 Dodging
 + Level 3.3 Stealth
 + Level 2.3 Shields
 + Level 2.3 Unarmed Combat
 + Level 2.3 Spellcasting
 + Level 1.9 Conjurations
 + Level 1.9 Hexes
 + Level 1.9 Summonings
 + Level 1.9 Necromancy
 + Level 1.9 Translocations
 + Level 1.9 Transmutations
 + Level 1.9 Fire Magic
 + Level 1.9 Ice Magic
 + Level 1.9 Air Magic
 + Level 1.9 Earth Magic
 + Level 1.9 Poison Magic
 + Level 2.5 Invocations
 + Level 2.3 Evocations


You had 10 spell levels left.
You didn't know any spells.
Your spell library contained the following spells:

 Spells                   Type           Power      Damage    Failure   Level
 Sandblast                Erth           14%        2d6       24%         1
 Ensorcelled Hibernation  Hex/Ice        14%        N/A       36%         2
 Passwall                 Tmut/Erth      5%         N/A       36%         2
 Spider Form              Tmut/Pois      7%         N/A       58%         3
 Stone Arrow              Conj/Erth      14%        3d7       58%         3
 Anguish                  Hex/Necr       3%         N/A       94%         4


Dungeon Overview and Level Annotations

Branches:
Dungeon (4/15)             Temple (1/1) D:4

Altars:
Ashenzari
Cheibriados
Elyvilon
Gozag
Nemelex Xobeh
Ru
Sif Muna
Vehumet
Zin
The Shining One

Shops:
D:2 [


Innate Abilities, Weirdness & Mutations

You have very sharp teeth.
Your uncanny sense of smell can sniff out nearby items.
Your experience applies equally to all skills.


Message History

You punch the kobold brigand, but do no damage.
The kobold brigand is almost dead.
The kobold brigand hits you with a +1 dagger of pain.
You writhe in agony.
The kobold misses you.
You hit the kobold brigand.
You kill the kobold brigand!
The kobold hits you but does no damage.
You have reached level 7!
You hit the kobold.
You kill the kobold!
The kobold hits you but does no damage. x2; The kobold zaps a wand.
Your will is overpowered!
You are confused.
You hit the kobold.
You kill the kobold!
The kobold hits you but does no damage.
You bump into the rock wall.
The kobold hits you with a +0 whip. The kobold hits you with a +0 dagger.
You hit the kobold but do no damage. Your bite misses the kobold.
The kobold zaps a wand.
The bolt of dispelling energy hits you!
Your magical effects are unravelling.
* * * LOW HITPOINT WARNING * * *
The bolt of dispelling energy hits the kobold!
The kobold dies!
You barely miss the kobold.
You feel less confused.
The kobold zaps a wand.
The bolt of dispelling energy misses you.
The kobold hits you but does no damage.
You hit the kobold but do no damage. Your bite misses the kobold.
The kobold hits you but does no damage.
You hit the kobold but do no damage. The kobold barely misses you.
You closely miss the kobold. The kobold barely misses you.
You closely miss the kobold. You bite the kobold.
The kobold is moderately wounded.
The kobold barely misses you. x2
You hit the kobold.
You kill the kobold!
You barely miss the kobold. The kobold hits you but does no damage.
Space warps horribly around you!!
You die...

#.###..# ##......#
#.......# ##.......#
##........#
####.........#
###.K..........#
#...#K##....####
##W###@##....# ##
#####K.# #)###..##
.######.....W###.# #..#
.....)......K.##.# #..#
.######....KK..#.###..#
.####......K.K.......##
..##..#.....K.........##
...#.##................#
.........##'''##.......#


You could see 2 kobolds.

Vanquished Creatures
  The ghost of Cheops the Conjurer, an amateur DrCj (D:4)
  A black bear (D:4)
  A kobold brigand (D:4)
  Jessica (D:3)
  4 adders
  2 worms (D:3)
  A dart slug (D:3)
  2 orcs
  13 ball pythons
  7 endoplasms
  4 giant cockroaches
  10 goblins
  9 hobgoblins
  2 jackals (D:4)
  15 kobolds
  5 quokkas
  11 bats
  3 frilled lizards
  6 rats
98 creatures vanquished.

Vanquished Creatures (others)
  A kobold (D:4)
1 creature vanquished.

Grand Total: 99 creatures vanquished

Notes
Turn   | Place    | Note
-------+----------+-------------------------------------------
     0 | D:1      | qeuew the Gnoll Hunter began the quest for the Orb.
     0 | D:1      | Reached XP level 1. HP: 20/20 MP: 1/1
   148 | D:1      | Reached XP level 2. HP: 26/26 MP: 2/2
   336 | D:1      | Found a faded altar of an unknown god.
   440 | D:1      | Reached XP level 3. HP: 31/31 MP: 3/3
   765 | D:1      | Reached skill level 1 in Invocations
  1004 | D:2      | Found Rulain's Armour Shop.
  1012 | D:2      | Reached skill level 1 in Short Blades
  1012 | D:2      | Reached skill level 1 in Long Blades
  1012 | D:2      | Reached skill level 1 in Axes
  1012 | D:2      | Reached skill level 1 in Maces & Flails
  1012 | D:2      | Reached skill level 1 in Polearms
  1012 | D:2      | Reached skill level 1 in Staves
  1012 | D:2      | Reached skill level 1 in Throwing
  1012 | D:2      | Reached skill level 1 in Armour
  1012 | D:2      | Reached skill level 1 in Shields
  1012 | D:2      | Reached skill level 1 in Unarmed Combat
  1012 | D:2      | Reached skill level 1 in Spellcasting
  1012 | D:2      | Reached skill level 1 in Evocations
  1204 | D:2      | Reached XP level 4. HP: 38/38 MP: 5/5
  1638 | D:3      | Reached skill level 1 in Conjurations
  1638 | D:3      | Reached skill level 1 in Hexes
  1638 | D:3      | Reached skill level 1 in Summonings
  1638 | D:3      | Reached skill level 1 in Necromancy
  1638 | D:3      | Reached skill level 1 in Translocations
  1638 | D:3      | Reached skill level 1 in Transmutations
  1638 | D:3      | Reached skill level 1 in Fire Magic
  1638 | D:3      | Reached skill level 1 in Ice Magic
  1638 | D:3      | Reached skill level 1 in Air Magic
  1638 | D:3      | Reached skill level 1 in Earth Magic
  1638 | D:3      | Reached skill level 1 in Poison Magic
  1809 | D:3      | Noticed Jessica
  1818 | D:3      | Killed Jessica
  1819 | D:3      | Reached XP level 5. HP: 43/43 MP: 5/7
  2754 | D:4      | Noticed a black bear
  2767 | D:4      | Killed a black bear
  2768 | D:4      | Reached XP level 6. HP: 32/50 MP: 8/8
  2888 | D:4      | Found a staircase to the Ecumenical Temple.
  2897 | Temple   | Entered the Ecumenical Temple
  2976 | Temple   | Became a worshipper of Ashenzari the Shackled
  3054 | D:4      | Found a snail-covered altar of Cheibriados.
  3060 | D:4      | Found a runed translucent gate.
  3062 | D:4      | Found a runed translucent gate.
  3063 | D:4      | Found a runed translucent gate.
  3064 | D:4      | Noticed Cheops's ghost (amateur DrCj)
  3098 | D:4      | Reached skill level 5 in Fighting
  3098 | D:4      | Reached skill level 5 in Dodging
  3113 | D:4      | Found a white marble altar of Elyvilon.
  3113 | D:4      | Found a glowing golden altar of the Shining One.
  3114 | D:4      | Found a glowing silver altar of Zin.
  3152 | D:4      | Found an opulent altar of Gozag.
  3266 | D:4      | Found a shimmering blue altar of Sif Muna.
  3340 | D:4      | Killed Cheops's ghost
  3353 | D:4      | Reached XP level 7. HP: 27/56 MP: 10/10
  3363 | D:4      | Mangled by a kobold

Illustrated notes

Levels and vault maps discovered:
D:1:      moated_graveyard_arrival, layout_basic,
          hellmonk_ecumenical_altar_leap_of_faith, minmay_misc_feat_columns,
          minmay_heptomino_h4
D:2:      layout_loops_ring, serial_shops, nicolae_shop_advertising_works
          [nicolae_subvault_shop_adworks]
D:3:      minmay_razor_zed, layout_basic, hex_tiny, uniq_jessica
D:4:      layout_rooms, good_gods_mini_temple, mainiacjoe_overflow_alcove_2,
          cheibriados_altar_1, mainiacjoe_overflow_tiny_flanked,
          minmay_temple_entry_mist, gammafunk_ghost_nasty_kobolds
Temple:   minmay_temple_curvy_loop

Skill      XL: |  1  2  3  4  5  6 |
---------------+-------------------+-----
Invocations    | 1 2 |  2.5
Short Blades   | 1 2 |  2.3
Long Blades    | 1 2 |  2.3
Axes           | 1 2 |  2.3
Maces & Flails | 1 2 |  2.3
Polearms       | 1 2 |  2.3
Staves         | 1 2 |  2.3
Throwing       | 1 2 |  2.3
Armour         | 1 2 |  2.3
Shields        | 1 2 |  2.3
Unarmed Combat | 1 2 |  2.3
Spellcasting   | 1 2 |  2.3
Evocations     | 1 2 |  2.3
Conjurations   | 1 |  1.9
Hexes          | 1 |  1.9
Summonings     | 1 |  1.9
Necromancy     | 1 |  1.9
Translocations | 1 |  1.9
Transmutations | 1 |  1.9
Fire Magic     | 1 |  1.9
Ice Magic      | 1 |  1.9
Air Magic      | 1 |  1.9
Earth Magic    | 1 |  1.9
Poison Magic   | 1 |  1.9
Stealth        | 3 |  3.3
Fighting       | 5 |  5.1
Dodging        | 5 |  5.1
Ranged Weapons | |  8.9

Action                   |  1- 3 |  4- 6 |  7- 9 || total
-------------------------+-------+-------+-------++-------
Melee: Long sword        |       |    30 |    10 ||    40
       Bite              |       |     3 |     1 ||     4
       Punch             |       |     1 |       ||     1
 Fire: Shortbow          |    79 |   127 |       ||   206
  Use: Scroll            |     4 |     5 |       ||     9
       Potion            |     1 |     4 |       ||     5
Armor: Leather armour    |     2 |       |       ||     2
       Ring mail         |    10 |    54 |     6 ||    70
Dodge: Dodged            |    10 |    42 |     5 ||    57
